 Dungeon Crawl Stone Soup version 0.22-a0-377-g846bec1 (webtiles) character file.

2990 Amnesiac the Artisan of Death (level 9, 0/64 HPs)
             Began as a Mummy Wizard on Apr 27, 2018.
             Was a Priest of Kikubaaqudgha.
             Killed from afar by an orc wizard (6 damage)
             ... with a magic dart
             ... on level 7 of the Dungeon.
             The game lasted 00:16:17 (9695 turns).

Amnesiac the Artisan of Death (Mummy Wizard)        Turns: 9695, Time: 00:16:18

Health: 0/64       AC:  5    Str: 11    XL:     9   Next: 53%
Magic:  16/18      EV: 13    Int: 20    God:    Kikubaaqudgha [***...]
Gold:   353        SH:  4    Dex: 10    Spells: 1/20 levels left

rFire    . . .     SeeInvis .   b - +5 dagger (speed)
rCold    + . .     Gourm    .   h - +0 buckler
rNeg     + + +     Faith    .   l - +0 leather armour {rF+}
rPois    ∞         Spirit   .   i - +0 hat
rElec    .         Reflect  .   (no cloak)
rCorr    .         Harm     .   (no gloves)
MR       ++...                  e - +1 pair of boots
Stlth    +.........             c - amulet of magic regeneration
HPRegen  0.20/turn              g - ring of protection from magic
MPRegen  0.41/turn              (no ring)

@: no status effects
A: no food or potions, fire vulnerability, cold resistance 1, negative energy
resistance 3, torment resistance, unbreathing
a: Receive Corpses, Renounce Religion


You were on level 7 of the Dungeon.
You worshipped Kikubaaqudgha.
Kikubaaqudgha was most pleased with you.
You were not hungry.

You visited 2 branches of the dungeon, and saw 9 of its levels.

You collected 353 gold pieces.

Inventory:

Hand Weapons
 b - a +5 dagger of speed (weapon)
Armour
 e - a +1 pair of boots (worn)
 h - a +0 buckler (worn)
 i - a +0 hat (worn)
 l - a +0 leather armour of fire resistance (worn)
 m - a +1 ring mail of fire resistance
Magical Staves
 a - an uncursed staff of earth
Jewellery
 c - an amulet of magic regeneration (around neck)
 g - a ring of protection from magic (left hand)
Wands
 j - a wand of iceblast (6)
 n - a wand of paralysis (20)
Scrolls
 d - 2 scrolls of magic mapping {!r}
 f - a scroll of enchant armour {!r}
 k - 2 scrolls of amnesia {!r}
 o - a scroll of fog {!r}
 p - 3 scrolls of identify {!r}
 q - a scroll of teleportation {!r}


   Skills:
 - Level 3.5 Fighting
 - Level 4.3 Dodging
 - Level 1.5 Stealth
 - Level 4.1 Shields
 - Level 6.0 Spellcasting
 - Level 4.0 Conjurations
 - Level 0.7 Summonings
 - Level 7.8 Necromancy
 - Level 0.7 Translocations
 + Level 2.4 Earth Magic


You had one spell level left.
You knew the following spells:

 Your Spells              Type           Power        Failure   Level  Hunger
a - Magic Dart            Conj           ###.         2%          1    N/A
b - Call Imp              Summ           #.......     16%         2    N/A
c - Borgnjor's Vile Clut  Necr/Erth      ####......   43%         5    N/A
d - Vampiric Draining     Necr           #####.....   1%          3    N/A
e - Mephitic Cloud        Conj/Pois/Air  ##......     24%         3    N/A
s - Conjure Flame         Conj/Fire      ##......     19%         3    N/A
v - Blink                 Tloc           N/A          16%         2    N/A

Dungeon Overview and Level Annotations

Branches:
Dungeon (8/15)             Temple (1/1) D:4            Lair (0/6) D:8

Altars:
Ashenzari
Cheibriados
Gozag
Hepliaklqana
Kikubaaqudgha
Makhleb
Nemelex Xobeh
Okawaru
Ru
Trog
Uskayaw
Vehumet
Wu Jian
Xom
Zin
The Shining One

Annotations:
D:3 Grinder


Innate Abilities, Weirdness & Mutations

You do not eat or drink.
Your flesh is vulnerable to fire.
You are immune to poison.
Your flesh is cold resistant. (rC+)
You are immune to negative energy. (rN+++)
You are immune to unholy pain and torment.
You can survive without breathing.


Message History

The shadow hits you.
Casting: Magic Dart (safe; 2% risk of failure)
Confirm with . or Enter, or press ? or * to list all spells.
Aiming: Magic Dart (safe; 2% risk of failure)
Press: ? - help, Shift-Dir - straight line, f/p - orc wizard
Aim: an orc wizard, wielding a dagger and wearing a robe (moderately wounded)
The magic dart hits the orc wizard.
The orc wizard is moderately wounded.
You block the orc wizard's attack.
The worker ant bites you but does no damage.
The shadow hits you!
Casting: Magic Dart (safe; 2% risk of failure)
Confirm with . or Enter, or press ? or * to list all spells.
Aiming: Magic Dart (safe; 2% risk of failure)
Press: ? - help, Shift-Dir - straight line, f/p - orc wizard
Aim: an orc wizard, wielding a dagger and wearing a robe (moderately wounded)
The magic dart hits the orc wizard.
The orc wizard is moderately wounded.
The orc wizard points at you and mumbles some strange words.
The magic dart hits you!
The worker ant bites you but does no damage.
The shadow closely misses you.
An adder zombie comes into view.
Casting: Magic Dart (safe; 2% risk of failure)
Confirm with . or Enter, or press ? or * to list all spells.
Aiming: Magic Dart (safe; 2% risk of failure)
Press: ? - help, Shift-Dir - straight line, f/p - orc wizard
Aim: an orc wizard, wielding a dagger and wearing a robe (moderately wounded)
The magic dart hits the orc wizard.
The orc wizard is severely wounded.
The centaur shouts!
The centaur wields an uncursed shortbow.
The centaur shoots an arrow.
The arrow hits you. You block the worker ant's attack.
The orc wizard gestures wildly while chanting.
The orc wizard blinks!
The shadow hits you.
The centaur shoots an arrow.
The arrow hits you!
* * * LOW HITPOINT WARNING * * *
The orc wizard casts a spell.
The orc wizard seems to speed up.
The centaur shoots an arrow.
The arrow barely misses you.
You see here an arrow.
The two-headed ogre shouts in stereo!
The centaur shoots an arrow.
The arrow hits you!
* * * LOW HITPOINT WARNING * * *
The orc wizard hits you with a dagger.
* * * LOW HITPOINT WARNING * * *
The worker ant bites you.
* * * LOW HITPOINT WARNING * * *
There is a stone staircase leading up here.
You see here an arrow.
The centaur shoots an arrow.
The arrow hits you.
* * * LOW HITPOINT WARNING * * *
The orc wizard completely misses you. The worker ant bites you.
* * * LOW HITPOINT WARNING * * *
You climb upwards.
There is a stone staircase leading down here.
Casting: Magic Dart (safe; 2% risk of failure)
Confirm with . or Enter, or press ? or * to list all spells.
You blink.
The orc wizard casts a spell at you. The magic dart hits you!
You die...
Kikubaaqudgha rasps: "You have failed me!
Welcome... oblivion!"

#.# #.#.#.####.# #.# #..........#
#.# ###.#.#.##.# ### #.#
#........###### ##.## #.#
#.............#
##...######.#######...#.##.####.#
#...........§a..................#
##...######..o...###.............
##..# #.##.#@# #.##.#.#####.#
#..# #.##.#.# #.##.#.#####.# #..#
#.##.#.###)##.#.....#.#
#..######.##.#.##.#.#.#####.#.#
#............#.#.###..#####.#>#
##.####..[#..#..## ##.........#
#......#....###.###..........#
######...#.## ##.#.#..........
##.##.#####...######..###


You could see a worker ant and an orc wizard.

Vanquished Creatures
  A spriggan (D:7)
  2 necrophages (D:7)
  2 ice beasts
  3 sky beasts
  A phantom (D:6)
  5 ogres
  2 centaurs
  A bullfrog (D:6)
  A scorpion (D:4)
  A wyvern skeleton (D:6)
  8 wights (D:7)
  A howler monkey (D:5)
  A bullfrog zombie (D:5)
  2 crimson imps
  3 jellies
  6 orc priests
  3 hounds
  Jessica (D:2)
  5 orc wizards
  9 worker ants
  A hound zombie (D:7)
  A howler monkey zombie (D:6)
  6 adders
  3 oozes
  An adder skeleton (D:4)
  4 dart slugs
  4 leopard geckos
  21 orcs
  4 bats
  6 giant cockroaches
  5 goblins
  8 hobgoblins
  23 jackals
  10 kobolds
  3 quokkas
  3 ball pythons (D:1)
  6 frilled lizards
  A leopard gecko zombie (D:6)
  A quokka skeleton (D:5)
  19 rats
188 creatures vanquished.

Vanquished Creatures (collateral kills)
  A shadow imp (D:8)
  An adder skeleton (D:8)
  A worm (D:3)
  4 jackals (D:1)
  A kobold (D:1)
8 creatures vanquished.

Grand Total: 196 creatures vanquished

Notes
Turn   | Place    | Note
-------+----------+-------------------------------------------
     0 | D:1      | Amnesiac the Mummy Wizard began the quest for the Orb.
     0 | D:1      | Reached XP level 1. HP: 13/13 MP: 5/5
     3 | D:1      | Reached skill level 1 in Conjurations
   232 | D:1      | Reached XP level 2. HP: 19/19 MP: 1/7
   236 | D:1      | Learned a level 2 spell: Call Imp
   760 | D:1      | Reached XP level 3. HP: 24/24 MP: 1/8
  1506 | D:2      | Learned a level 3 spell: Conjure Flame
  1510 | D:2      | Learned a level 3 spell: Mephitic Cloud
  1604 | D:2      | Reached XP level 4. HP: 30/30 MP: 3/10
  1608 | D:2      | Learned a level 2 spell: Blink
  1728 | D:3      | Noticed Grinder
  1772 | D:4      | Found a staircase to the Ecumenical Temple.
  1781 | Temple   | Entered the Ecumenical Temple
  1908 | Temple   | Became a worshipper of Kikubaaqudgha
  1952 | D:3      | Paralysed by Grinder for 7 turns
  2263 | D:2      | Found an opulent altar of Gozag.
  2766 | D:2      | Reached * piety under Kikubaaqudgha
  2766 | D:2      | Identified Kikubaaqudgha's Collected Works on Stolen Souls (Kikubaaqudgha gifted it to you on level 2 of the Dungeon)
  2766 | D:2      | Received a gift from Kikubaaqudgha
  2847 | D:2      | Noticed Jessica
  2851 | D:2      | Killed Jessica
  2851 | D:2      | Reached skill level 1 in Necromancy
  2851 | D:2      | Reached XP level 5. HP: 35/35 MP: 6/11
  3072 | D:3      | Found an iron altar of Okawaru.
  3072 | D:3      | Found a bloodstained altar of Trog.
  3143 | D:3      | Reached skill level 2 in Necromancy
  3665 | D:3      | Reached skill level 3 in Necromancy
  3906 | D:3      | Found a hazy altar of Hepliaklqana.
  3907 | D:3      | Found a shimmering altar of Xom.
  3908 | D:3      | Noticed a spectral ugly thing
  3961 | D:4      | Noticed an ogre
  3980 | D:4      | Killed an ogre
  3980 | D:4      | Reached skill level 4 in Necromancy
  3980 | D:4      | Reached XP level 6. HP: 41/41 MP: 1/12
  4339 | D:4      | Reached skill level 5 in Necromancy
  4454 | D:4      | Reached XP level 7. HP: 42/46 MP: 11/13
  4852 | D:5      | Entered Level 5 of the Dungeon
  4903 | D:5      | Reached skill level 6 in Necromancy
  5362 | D:5      | Reached ** piety under Kikubaaqudgha
  5542 | D:5      | Found a burning altar of Makhleb.
  5688 | D:5      | Reached XP level 8. HP: 49/57 MP: 8/14
  5907 | D:5      | Learned a level 3 spell: Vampiric Draining
  6156 | D:6      | Reached skill level 7 in Necromancy
  6609 | D:6      | Reached skill level 5 in Spellcasting
  7691 | D:7      | Reached skill level 1 in Shields
  7691 | D:7      | Reached XP level 9. HP: 34/64 MP: 1/17
  8497 | D:7      | Reached *** piety under Kikubaaqudgha
  8497 | D:7      | Identified Kikubaaqudgha's Almanac of Dark Rites (Kikubaaqudgha gifted it to you on level 7 of the Dungeon)
  8497 | D:7      | Received a gift from Kikubaaqudgha
  9091 | D:7      | Learned a level 5 spell: Borgnjor's Vile Clutch
  9148 | D:7      | Found a snail-covered altar of Cheibriados.
  9266 | D:7      | Reached skill level 1 in Earth Magic
  9421 | D:8      | Found a staircase to the Lair.
  9455 | D:8      | Noticed a two-headed ogre
  9695 | D:7      | Killed from afar by an orc wizard

Vault maps used:
D:1:      erik_arrival_orb_chamber, minmay_strange_pillars,
          minmay_misc_feat_encased
D:2:      grunt_gozag_statues, grunt_decor_one_mirror, uniq_jessica
D:3:      regret_index_temple_of_mockery, gammafunk_temple_overflow_wave,
          first_ration, hex_medium, uniq_grinder
D:4:      lemuel_temple_firewalk_b
D:5:      makhleb_grotto_becter
D:6:      roderic_roman_lattice, nrook_uturn, minmay_liquid_box
D:7:      basic_altar, the_bakery, dk_noncrumbling_2
D:8:      nicolae_overflow_hidden_temple, lair_entry_dummy
Temple:   nicolae_temple_figure_zero

Skill      XL: |  1  2  3  4  5  6  7  8  9 |
---------------+----------------------------+-----
Conjurations   | 1 2 3 4 |  4.0
Necromancy     | 1 4 5 6 7 |  7.8
Fighting       | 2 3 |  3.5
Dodging        | 2 4 |  4.3
Spellcasting   | 5 6 |  6.0
Shields        | 1 4 |  4.1
Earth Magic    | 2 |  2.4
Stealth        | |  1.5
Summonings     | |  0.7
Translocations | |  0.7

Action                   |  1- 3 |  4- 6 |  7- 9 || total
-------------------------+-------+-------+-------++-------
Melee: Unarmed           |    35 |     6 |       ||    41
       Dagger            |       |   108 |   149 ||   257
 Cast: Magic Dart        |   108 |   146 |   333 ||   587
       Call Imp          |     4 |     6 |    13 ||    23
       Mephitic Cloud    |       |    12 |    20 ||    32
       Conjure Flame     |       |     1 |    16 ||    17
       Vampiric Draining |       |       |     2 ||     2
       Blink             |       |       |     2 ||     2
  Use: Scroll            |       |     7 |     4 ||    11
 Stab: Confused          |       |    10 |    11 ||    21
Armor: Robe              |    13 |    14 |     1 ||    28
       Leather armour    |       |       |    60 ||    60
Dodge: Dodged            |    46 |    73 |   144 ||   263
Block: Buckler           |       |       |    26 ||    26

Table legend:
 A = Spawn XP
 B = Non-spawn XP
 C = Spawn XP percentage of total XP
 D = Spawn monster count
 E = Non-spawn monster count
 F = Spawn count percentage of total count
 G = Total turns spent on level
                    A         B        C        D         E        F      G
               +---------+---------+-------+---------+---------+-------+---------
         Total |       0 |    4272 |   0.0 |       0 |     196 |   0.0 |  9695
               +---------+---------+-------+---------+---------+-------+---------
           D:1 |       0 |      79 |   0.0 |       0 |      48 |   0.0 |  1485
           D:2 |       0 |     148 |   0.0 |       0 |      36 |   0.0 |  1215
           D:3 |       0 |     151 |   0.0 |       0 |      17 |   0.0 |  1034
           D:4 |       0 |     426 |   0.0 |       0 |      15 |   0.0 |   978
           D:5 |       0 |     978 |   0.0 |       0 |      26 |   0.0 |  1429
           D:6 |       0 |     843 |   0.0 |       0 |      26 |   0.0 |  1330
           D:7 |       0 |    1434 |   0.0 |       0 |      22 |   0.0 |  1942
           D:8 |       0 |     213 |   0.0 |       0 |       6 |   0.0 |   142
               +---------+---------+-------+---------+---------+-------+---------
